Map: Frostline LE

Players

MaxPax - Winner!

  • Race: Protoss Protoss
  • League: Master
  • Spawn Location: 1:00

LiquidClem (Clem)

  • Race: Terran Terran
  • League: Grandmaster
  • Spawn Location: 7:00

VOD

Have the link to the VOD?

Description

Time

  • Played on: Jan. 26, 2025, 9:24 a.m.
  • Length: 6:43
Show
View Real Time Build Order
Export as new Build Order

MaxPax Protoss - Winner!

Build Orders: 1 Gate Expand, Blink Stalkers 

Get SALT Encoding   

  12  0:00  Probe  
  13  0:12  Probe  
  14  0:16  Pylon  
  14  0:23  Probe  
  15  0:31  Probe  
  16  0:36  Gateway  
  16  0:39  Probe  
  16  0:45  Assimilator  
  17  0:50  Probe  
  18  1:03  Probe  
  19  1:15  Probe  
  20  1:23  Cybernetics Core  
  20  1:32  Nexus  
  20  1:34  Probe  
  21  1:40  Pylon  
  21  1:46  Probe  
  22  1:49  Assimilator, Adept  
  22  1:58  Probe  
  22  2:00  Warp Gate  
  25  2:07  Stalker  
  25  2:10  Probe  
  26  2:22  Probe  
  29  2:32  Twilight Council  
  29  2:34  Probe  
  30  2:43  Probe, Blink  
  31  2:46  Probe  
  31  2:47  Gateway  
  31  2:50  Stalker  
  32  2:57  Probe  
  35  2:59  Probe  
  36  3:11  Shield Battery  
  36  3:13  Probe  
  36  3:14  Probe  
  36  3:28  Robotics Facility  
  36  3:30  Gateway, Probe  
  36  3:32  Probe  
  38  3:42  Probe  
  38  3:44  Probe  
  38  3:46  Gateway  
  38  3:48  Pylon  
  40  3:51  Stalker  
  40  3:53  Stalker  
  40  3:54  Probe  
  45  3:57  Probe  
  46  4:05  Warp Prism  
  46  4:06  Probe  
  50  4:21  Stalker  
  50  4:22  Stalker, Pylon  
  53  4:25  Pylon  
  51  4:45  Observer  
  52  4:48  Stalker x3  
  58  4:55  Nexus  
  58  4:58  Probe x2, Pylon  
  60  5:04  Assimilator  
  60  5:14  Stalker x2  
  60  5:17  Probe  
  65  5:26  Probe  
  62  5:32  Probe  
  62  5:35  Stalker  
  60  5:38  Probe  
  60  5:42  Probe  
  61  5:44  Stalker  
  61  5:45  Stalker  
  61  5:46  Probe  
  64  5:50  Probe  
  64  5:54  Probe  
  66  5:58  Probe  
  66  6:02  Probe  
  68  6:04  Stalker  
  68  6:05  Probe  
  68  6:07  Stalker x2  
  68  6:10  Probe  
  68  6:11  Probe  
  77  6:13  Probe  
  79  6:20  Probe  
  79  6:22  Probe  
  79  6:23  Probe  
Show
View Real Time Build Order
Export as new Build Order

LiquidClem Terran 

Build Orders:  

Get SALT Encoding   

  12  0:00  SCV  
  13  0:12  SCV  
  14  0:17  Supply Depot  
  14  0:24  SCV  
  15  0:38  SCV  
  15  0:40  Barracks  
  16  0:43  Refinery  
  16  0:50  SCV  
  16  0:55  Refinery  
  17  1:03  SCV  
  18  1:15  SCV  
  19  1:27  Orbital Command, Reaper  
  19  1:28  Supply Depot  
  20  1:41  Factory  
  20  1:53  SCV  
  21  1:59  Barracks Reactor  
  21  2:05  SCV  
  22  2:15  Command Center  
  22  2:17  SCV  
  23  2:26  Hellion  
  25  2:30  SCV  
  25  2:33  Supply Depot  
  25  2:36  Reaper x2  
  28  2:42  SCV  
  29  2:48  Hellion  
  31  2:54  SCV  
  31  2:55  Starport  
  32  3:07  SCV  
  32  3:08  Marine x2  
  32  3:12  Factory Tech Lab  
  34  3:19  SCV  
  35  3:28  Marine x2  
  35  3:31  SCV  
  38  3:38  Cyclone, Medivac  
  42  3:43  SCV  
  42  3:46  Marine x2  
  42  3:48  Supply Depot  
  45  3:55  SCV  
  45  3:56  Orbital Command  
  46  4:08  Marine, SCV  
  48  4:10  Siege Tank  
  48  4:13  Supply Depot  
  48  4:15  Marine  
  52  4:20  SCV  
  52  4:22  Liberator  
  57  4:24  SCV  
  57  4:29  Bunker  
  56  4:32  Marine, SCV  
  56  4:36  SCV  
  59  4:41  Marine  
  59  4:44  SCV  
  59  4:47  Siege Tank  
  59  4:48  SCV  
  63  4:56  Supply Depot, SCV  
  63  4:57  Barracks  
  61  5:00  SCV  
  61  5:01  Marine  
  61  5:02  Supply Depot, Marine  
  64  5:07  Viking  
  64  5:09  SCV  
  64  5:12  SCV  
  68  5:21  SCV  
  65  5:24  SCV  
  65  5:26  Marine  
  64  5:33  SCV  
  58  5:36  SCV  
  58  5:39  Marine  
  56  5:44  Barracks  
  56  5:45  SCV  
  56  5:47  Refinery  
  56  5:49  SCV  
  55  5:51  Marine  
  55  5:52  Siege Tank  
  55  5:56  Supply Depot  
  59  5:57  Marine x2, SCV  
  59  6:01  SCV  
  59  6:03  Engineering Bay  
  63  6:05  Supply Depot  
  63  6:09  Marine, SCV  
  63  6:11  Starport Tech Lab  
  65  6:13  SCV  
  65  6:14  Supply Depot  
  65  6:15  Refinery, Marine x2  
  68  6:21  SCV  
  68  6:25  SCV  
Tags
 
Add a new tag
Caveats
  • Supply blocks, unpowered buildings, or Contaminate may cause inaccurate times.
  • Supply counts are checked every 10 seconds.